 Dungeon Crawl Stone Soup version 0.22.1-2-g9c5b331 (webtiles) character file.

344 furdy the Chopper (level 6, 0/53 HPs)
             Began as a Hill Orc Fighter on Dec 31, 2018.
             Was an Initiate of Okawaru.
             Slain by a jackal (2 damage)
             ... on level 6 of the Dungeon.
             The game lasted 00:15:07 (1661 turns).

furdy the Chopper (Hill Orc Fighter)                Turns: 1661, Time: 00:15:07

Health: 0/53       AC:  9    Str: 21    XL:     6   Next: 58%
Magic:  6/6        EV:  5    Int:  8    God:    Okawaru [......]
Gold:   118        SH:  9    Dex: 10    Spells: 5/5 levels left

rFire    . . .     SeeInvis .   m - +2 hand axe (venom)
rCold    . . .     Gourm    .   c - +0 shield
rNeg     . . .     Faith    .   g - +0 chain mail
rPois    .         Spirit   .   (no helmet)
rElec    .         Reflect  .   (no cloak)
rCorr    .         Harm     .   (no gloves)
MR       .....                  (no boots)
Stlth    ..........             (no amulet)
HPRegen  0.17/turn              (no ring)
MPRegen  0.10/turn              (no ring)

@: very slow
A: no striking features
a: Renounce Religion


You were on level 6 of the Dungeon.
You worshipped Okawaru.
Okawaru was noncommittal.
You were not hungry.

You visited 1 branch of the dungeon, and saw 6 of its levels.

You collected 118 gold pieces.

Inventory:

Hand Weapons
 a - a +0 war axe
 h - a +0 short sword
 i - a +0 hunting sling
 k - a +0 quarterstaff of speed
 m - a +2 hand axe of venom (weapon)
 o - a +1 whip of electrocution
Missiles
 l - 23 arrows
Armour
 b - a +0 scale mail
 c - a +0 shield (worn)
 e - a +0 leather armour
 g - a +0 chain mail (worn)
 n - a +0 ring mail
Wands
 j - a wand of polymorph (21)
Potions
 d - a potion of might
Comestibles
 f - 2 rations


   Skills:
 + Level 4.7 Fighting
 + Level 6.5 Axes
 + Level 4.1 Armour
 + Level 0.3 Dodging
 + Level 4.6 Shields


You had 5 spell levels left.
You didn't know any spells.
Your spell library was empty.

Dungeon Overview and Level Annotations

Branches:
Dungeon (6/15)
 Temple: D:4-7

Altars:
Dithmenos
Okawaru


Message History

The electric eel shoots out a bolt of lightning at you!
The bolt of electricity hits you!
The bolt of electricity hits the jackal.
The jackal dies!
You enter the shallow water.
Moving in this stuff is going to be slow.
You barely miss the electric eel. You barely miss the jackal.
The jackal bites you but does no damage.
The electric eel shoots out a bolt of lightning at you!
The bolt of electricity hits you!
* * * LOW HITPOINT WARNING * * *
You block the jackal's attack.
The electric eel shoots out a bolt of lightning at you!
The bolt of electricity hits you!
* * * LOW HITPOINT WARNING * * *
The jackal barely misses you.
You hit the electric eel.
The electric eel is poisoned.
The electric eel is lightly wounded.
You barely miss the jackal. The jackal bites you.
You die...

.. .. #...#
######.#.##
..........
..≈.≈≈.≈.#######
≈PP≈≈≈≈≈≈≈≈≈≈≈≈#
≈≈≈≈≈≈≈≈≈≈≈≈≈≈≈≈
≈≈≈≈≈≈≈@;≈≈≈#
≈≈≈≈≈≈≈h≈.####
.≈≈..≈P..≈...#
###
.....=..†....#
#.#
######......)#
#.# ##...####
#.# ##'## #.#
#.# #.## #.#
#..#


You could see an electric eel and a jackal.

Vanquished Creatures
  A centaur zombie (D:6)
  3 hounds
  2 orc wizards
  A worker ant (D:4)
  Robin (D:2)
  3 gnolls (D:2)
  3 adders (D:2)
  An ooze (D:4)
  4 leopard geckos
  12 orcs
  3 bats
  3 giant cockroaches
  12 goblins
  3 hobgoblins
  4 jackals (D:3)
  4 kobolds
  A quokka (D:2)
  3 ball pythons
  3 frilled lizards
  A rat (D:3)
  A plant (D:3)
69 creatures vanquished.

Vanquished Creatures (others)
  A jackal (D:6)
1 creature vanquished.

Grand Total: 70 creatures vanquished

Notes
Turn   | Place    | Note
-------+----------+-------------------------------------------
     0 | D:1      | furdy the Hill Orc Fighter began the quest for the Orb.
     0 | D:1      | Reached XP level 1. HP: 19/19 MP: 1/1
   329 | D:2      | Reached XP level 2. HP: 12/27 MP: 2/2
   400 | D:2      | Reached skill level 3 in Axes
   448 | D:2      | Reached XP level 3. HP: 31/33 MP: 3/3
   469 | D:2      | Reached XP level 4. HP: 26/40 MP: 4/4
   685 | D:2      | Reached skill level 4 in Axes
   724 | D:2      | Noticed Robin
   731 | D:2      | Killed Robin
   854 | D:3      | Reached XP level 5. HP: 34/47 MP: 5/5
  1124 | D:4      | Reached skill level 5 in Axes
  1232 | D:4      | Reached skill level 6 in Axes
  1232 | D:4      | Reached XP level 6. HP: 37/53 MP: 6/6
  1266 | D:5      | Entered Level 5 of the Dungeon
  1318 | D:5      | Found an iron altar of Okawaru.
  1326 | D:5      | Became a worshipper of Warmaster Okawaru
  1443 | D:6      | Found a shadowy altar of Dithmenos.
  1660 | D:6      | HP: 2/53 [electric eel/bolt of electricity (8)]
  1661 | D:6      | Slain by a jackal

Skill      XL: |  1  2  3  4  5 |
---------------+----------------+-----
Fighting       | 4 |  4.7
Axes           | 3 4 6 |  6.5
Armour         | 4 |  4.1
Shields        | 4 |  4.6
Dodging        | |  0.3

Action                   |  1- 3 |  4- 6 || total
-------------------------+-------+-------++-------
Melee: War axe           |    63 |   101 ||   164
       Hand axe          |       |   107 ||   107
  Use: Potion            |     2 |     1 ||     3
       Scroll            |       |     8 ||     8
  Eat: Ration            |       |     1 ||     1
Armor: Chain mail        |    34 |   134 ||   168
Dodge: Dodged            |    12 |    62 ||    74
Block: Shield            |    35 |   150 ||   185
